 Dungeon Crawl Stone Soup version 0.30-a0-743-gbfdf073431 (webtiles) character file.

Game seed: 10204602959151517543

285 qeuew the Sneak (level 6, 0/24 (28) HPs)
             Began as a Spriggan Enchanter on Jan 23, 2023.
             Succumbed to a kobold brigand's poison
             ... on level 4 of the Dungeon on Feb 6, 2023.
             The game lasted 00:06:45 (3093 turns).

qeuew the Sneak (Spriggan Enchanter)                Turns: 3093, Time: 00:06:45

HP:   0/24 (28)     AC:  3    Str:  4    XL:     6   Next: 7%
MP:   12/13         EV: 18    Int: 17    God:
Gold: 208           SH:  0    Dex: 17    Spells: 11/13 levels left

rFire   + . .      SeeInvis +    o - +0 dagger (vamp)
rCold   . . .      Faith    .    (no shield)
rNeg    . . .      Spirit   .    b - +1 robe
rPois   .          Reflect  .    (helmet restricted)
rElec   .          Harm     .    (no cloak)
rCorr   .          Rampage  .    (gloves unavailable)
Will    +....                    (boots unavailable)
Stlth   ++++                     (no amulet)
HPRegen 0.24/turn                h - ring of protection from fire
MPRegen 0.13/turn                (no ring)

@: lethally poisoned (0 -> -5), heavily drained, very quick
A: very small, no large weapons, unfitting armour, see invisible, speed 3
a: no special abilities


You were on level 4 of the Dungeon.
You visited 1 branch of the dungeon, and saw 4 of its levels.

You collected 208 gold pieces.

Inventory:

Hand Weapons
 o - a +0 vampiric dagger (weapon)
Armour
 b - a +1 robe (worn)
Jewellery
 h - a ring of protection from fire (left hand)
Scrolls
 f - a scroll of teleportation
 l - 2 scrolls of fog
 m - a scroll of enchant armour
Potions
 a - a potion of might
 c - 2 potions of invisibility
 d - a potion of flight
 e - a potion of brilliance
 g - 3 potions of lignification {unknown}
 k - a potion of heal wounds {unknown}
 n - a potion of degeneration {unknown}


   Skills:
 + Level 2.8 Short Blades
 + Level 4.0 Dodging
 * Level 7.1 Stealth
 + Level 4.0 Spellcasting
 + Level 4.6 Hexes


You had 11 spell levels left.
You knew the following spells:

 Your Spells              Type           Power      Damage    Failure   Level
a - Ensorcelled Hibernat  Hex/Ice        22%        N/A       9%          2

Your spell library contained the following spells:

 Spells                   Type           Power      Damage    Failure   Level
 Confusing Touch          Hex            19%        N/A       7%          3
 Tukima's Dance           Hex            19%        N/A       7%          3
 Dazzling Flash           Conj/Hex       22%        N/A       19%         3
 Frozen Ramparts          Ice            6%         1d1       43%         3
 Ice Form                 Ice/Tmut       3%         N/A       83%         4
 Summon Ice Beast         Ice/Summ       3%         N/A       83%         4


Dungeon Overview and Level Annotations

Branches:
Dungeon (4/15)
 Temple: D:4-7

Altars:


Innate Abilities, Weirdness & Mutations

You are very small and have problems with some larger weapons.
You are too small for most types of armour.
You have supernaturally acute eyesight. (SInv)
You cover ground extremely quickly. (Speed+++)


Message History

You are too injured to fight recklessly!
You are too injured to fight recklessly!
Aiming: Ensorcelled Hibernation (safe; 9% risk of failure)
Press: ? - help, Q - select action Shift-Dir - straight line, f - kobold brigand
Aim: a kobold brigand, wielding a +0 whip and quivering poisoned darts (lightly wounded, chance to affect: 45%)
You miscast Ensorcelled Hibernation.
You are very lightly contaminated with residual magic.
Nothing appears to happen.
The kobold hits you with a +0 whip.
The kobold hits you with a +0 short sword.
The kobold brigand hits you with a +0 whip.
* * * LOW HITPOINT WARNING * * *
Unknown command.
As you read the scroll labelled LEUTIACKOXZES, it crumbles to dust.
The scroll dissolves into smoke.
It was a scroll of fog.
The kobold barely misses you. x2; The kobold closely misses you.
The kobold brigand completely misses you.
As you read the scroll labelled PIAJIF TIGH, it crumbles to dust.
It is a scroll of enchant armour.
Your +0 robe glows green for a moment.
The kobold closely misses you. x2
The kobold hits you but does no damage. The kobold brigand misses you.
Okay, then.
Welcome back, qeuew the Spriggan Enchanter.
Press ? for a list of commands and other information.
You are too injured to fight recklessly!
You are too injured to fight recklessly!
You are too injured to fight recklessly!
You are too injured to fight recklessly!
The kobold closely misses you.
The kobold brigand throws a poisoned dart.
The poisoned dart hits you!
You are lethally poisoned!
* * * LOW HITPOINT WARNING * * *
You feel sick.
* * * LOW HITPOINT WARNING * * *
You feel sick.
The kobold throws a stone.
The stone closely misses you.
* * * LOW HITPOINT WARNING * * *
You feel sick.
Your magical contamination has completely faded away.
You die...

♣♣# #...# #)# #♣ ###.#
#)# PP #.# #)### ♣P.
#.# #)... PP #.# #.###
P♣.♣♣. ### #.# ###.#
♣P.♣..♣♣P.# #.###...#
..........# ###.....#
♣......@..## #.P♣....#
♣P......♣..##♣♣...##)#
P.........♣#.♣..♣♣##.#
P.........♣♣.)).# #.#
....§§§K.§..§..## ...
..†..§§KKK§...## ...
....§§§§§§♣§♣## ...#
.♣..§§§§§§♣## #.###
♣......§§§§.#


You could see a kobold brigand and 3 kobolds.

Vanquished Creatures
  Sigmund (D:3)
  Ijyb (D:3)
  2 adders (D:3)
  A worm (D:3)
  A dart slug (D:3)
  2 orcs (D:3)
  7 ball pythons
  5 bats
  3 endoplasms
  2 giant cockroaches
  6 goblins
  7 hobgoblins
  31 kobolds
  A quokka (D:1)
  9 frilled lizards
  7 rats
86 creatures vanquished.

Vanquished Creatures (others)
  9 fungi (D:3)
  37 plants
46 creatures vanquished.

Grand Total: 132 creatures vanquished

Notes
Turn   | Place    | Note
-------+----------+-------------------------------------------
     0 | D:1      | qeuew the Spriggan Enchanter began the quest for the Orb.
     0 | D:1      | Reached XP level 1. HP: 9/9 MP: 5/5
   360 | D:1      | Found a faded altar of an unknown god.
   366 | D:1      | Reached XP level 2. HP: 13/13 MP: 6/6
   762 | D:1      | Reached skill level 5 in Stealth
   813 | D:1      | Learned a level 2 spell: Ensorcelled Hibernation
  1285 | D:2      | Reached XP level 3. HP: 8/16 MP: 5/8
  1660 | D:3      | Noticed Ijyb
  1663 | D:3      | Noticed Sigmund
  1710 | D:3      | Killed Sigmund
  1711 | D:3      | Reached skill level 6 in Stealth
  1711 | D:3      | Reached XP level 4. HP: 11/21 MP: 5/10
  1711 | D:3      | Reached XP level 5. HP: 13/24 MP: 5/11
  1726 | D:3      | Killed Ijyb
  1918 | D:3      | Reached skill level 7 in Stealth
  2003 | D:3      | Identified the +8 short sword "Ilelyt" {heavy, Drain rC++
                  | Will+ Stlth+}
  2072 | D:3      | HP: 1/24 [poisoned by an adder]
  2575 | D:2      | Reached XP level 6. HP: 23/24 MP: 13/13
  3086 | D:4      | Upgraded the game from 0.30-a0-715-gdb4ae3ece1 to
                  | 0.30-a0-743-gbfdf073431
  3092 | D:4      | HP: 1/24 [poisoned by a kobold brigand]
  3093 | D:4      | Succumbed to a kobold brigand's poison

Illustrated notes

Levels and vault maps discovered:
D:1:      lightli_arrival_windingriver, layout_loops_corners,
          dreamdust_ecumenical_altar_hidden_monk_grotto, nicolae_eternal_life
D:2:      layout_basic, dreamdust_princess_bridge, lexackson_kobold_supper
D:3:      layout_basic, dreamdust_mushroom_princess, serial_bayou_pond_b,
          uniq_ijyb, uniq_sigmund
D:4:      kennysheep_kobold_camp, layout_loops_ring,
          nicolae_hepliaklqana_hazy_memory, overflow_temple_1_default,
          nicolae_inconvenience_store, skrybe_limestone_x, uniq_edmund

Skill      XL: |  1  2  3  4  5 |
---------------+----------------+-----
Stealth        | 5 6 7 |  7.1
Dodging        | 3 4 |  4.0
Spellcasting   | 3 4 |  4.0
Short Blades   | 2 |  2.8
Hexes          | 4 |  4.6

Action                     |  1- 3 |  4- 6 || total
---------------------------+-------+-------++-------
  Melee: Dagger            |   146 |   201 ||   347
         Punch             |     1 |     2 ||     3
         Short sword       |       |    13 ||    13
   Cast: Ensorcelled Hiber |     6 |     5 ||    11
    Use: Scroll            |     4 |     2 ||     6
         Potion            |     2 |       ||     2
   Stab: Sleeping          |    15 |     5 ||    20
         Distracted        |       |     2 ||     2
 Armour: Robe              |    15 |    18 ||    33
  Dodge: Dodged            |    90 |   118 ||   208

Table legend: (Time is in decaauts)
 A = Elapsed time spent in this place.
 B = Non-inter-level travel time spent in this place.
 C = Inter-level travel time spent in this place.
 D = Time resting spent in this place.
 E = Time spent auto-exploring this place.
 F = Levels seen in this place.
 G = Mean time per level.
                   A        B        C        D        E       F      G
               +--------+--------+--------+--------+--------+-----+--------+
         Total |   2050 |   1972 |     78 |      0 |   1469 |   4 |  512.5 |
       Dungeon |   2050 |   1972 |     78 |      0 |   1469 |   4 |  512.5 |
               +--------+--------+--------+--------+--------+-----+--------+

Top non-repeatable levels by time:
     D:3: 686 daAuts
     D:1: 677 daAuts
     D:2: 450 daAuts
     D:4: 235 daAuts
